 Dungeon Crawl Stone Soup version 0.21.1-1-g345015f (webtiles) character file.

7876 diana the Carver (level 11, -1/68 HPs)
             Began as a Tengu Gladiator on June 9, 2018.
             Was an Initiate of Gozag.
             Slain by Harold
             ... wielding a +0 dire flail
              (16 damage)
             ... on level 11 of the Dungeon.
             The game lasted 00:22:25 (11626 turns).

diana the Carver (Tengu Gladiator)                 Turns: 11626, Time: 00:22:26

Health: -1/68      AC: 12    Str: 15    XL:     11   Next: 22%
Magic:  12/12      EV: 11    Int:  9    God:    Gozag
Gold:   1284       SH:  0    Dex: 18    Spells: 7/10 levels left

rFire    . . .     SeeInvis .   V - +0 scimitar
rCold    . . .     Gourm    .   (no shield)
rNeg     . . .     Faith    .   v - +2 leather armour {rPois}
rPois    +         Spirit   .   c - +0 hat
rElec    .         Reflect  .   x - +0 cloak (curse)
rCorr    .         Harm     .   (no gloves)
MR       .....                  (boots unavailable)
Stlth    +.........             (no amulet)
HPRegen  0.21/turn              M - +6 ring of protection
MPRegen  0.13/turn              b - +3 ring of slaying

@: very slightly contaminated, held, invisible
A: beak, talons 3, able to fly 1
a: Fly, Potion Petition, Call Merchant, Bribe Branch, Renounce Religion


You were on level 11 of the Dungeon.
You worshipped Gozag.
Gozag was most pleased with you.
You were not hungry.

You visited 1 branch of the dungeon, and saw 11 of its levels.

You collected 1403 gold pieces.
You paid 119 gold pieces to Gozag.

Inventory:

Hand Weapons
 V - a +0 scimitar (weapon)
Missiles
 d - 3 throwing nets (quivered)
Armour
 c - a +0 hat (worn)
 v - a +2 leather armour of poison resistance (worn)
 x - a cursed +0 cloak (worn)
Magical Staves
 E - an uncursed staff of energy
Jewellery
 b - a +3 ring of slaying (right hand)
 q - an uncursed ring of fire
 r - an uncursed ring of flight
 s - an uncursed ring of magical power
 y - a +3 ring of protection
 z - an uncursed ring of ice
 A - an uncursed ring of poison resistance
 B - a +3 ring of intelligence
 C - an uncursed ring of stealth
 G - an uncursed ring of positive energy
 M - a +6 ring of protection (left hand)
 O - a +3 ring of dexterity {unknown}
 T - an uncursed ring of wizardry {unknown}
Wands
 H - a wand of enslavement (14)
Scrolls
 e - 3 scrolls of enchant armour {unknown}
 i - 5 scrolls of teleportation {unknown}
 j - 3 scrolls of amnesia {unknown}
 m - 2 scrolls of enchant weapon {unknown}
 n - 6 scrolls of remove curse {unknown}
 w - a scroll of fear {unknown}
 D - 4 scrolls of random uselessness {unknown}
 F - 2 scrolls of magic mapping {unknown}
 I - a scroll of vulnerability {unknown}
 J - 2 scrolls of fog {unknown}
 S - a scroll of brand weapon {unknown}
 U - 2 scrolls of blinking
 W - a scroll of holy word {unknown}
Potions
 a - 2 potions of resistance {unknown}
 g - a potion of haste
 h - a potion of lignification {unknown}
 k - a potion of flight {unknown}
 o - a potion of might
 p - 2 potions of brilliance {unknown}
 t - 3 potions of heal wounds
 u - a potion of agility {unknown}
 K - a potion of berserk rage {unknown}
 L - a potion of curing {unknown}
 N - a potion of cancellation {unknown}
 P - a potion of mutation {unknown}
 Q - a potion of ambrosia {unknown}
Books
 l - a book of Battle

   Spells                             Type                      Level
   a - Infusion                       Charms                       1
   b - Shroud of Golubria             Charms/Translocation         2
   c - Song of Slaying                Charms                       2
   d - Spectral Weapon                Hexes/Charms                 3
   e - Regeneration                   Charms/Necromancy            3
Comestibles
 f - 15 rations


   Skills:
 + Level 7.8 Fighting
 * Level 12.0 Long Blades
 - Level 2.0 Throwing
 * Level 12.0 Dodging


You had 7 spell levels left.
You knew the following spells:

 Your Spells              Type           Power        Failure   Level  Hunger
a - Regeneration          Chrm/Necr      #.........   83%         3    ####...


Dungeon Overview and Level Annotations

Branches:
Dungeon (11/15)            Temple (0/1) D:6            Lair (0/6) D:8
    Orc: D:9-12

Altars:
Elyvilon
Gozag
Makhleb
Qazlal
Ru
Trog
Yredelemnul
Zin

Shops:
D:5 *   D:10 ?

Annotations:
D:8 Joseph; theblackcape's ghost, novice TrTm
D:11 Harold; Urug


Innate Abilities, Weirdness & Mutations

You have a beak for a mouth.
You have claws for feet.
You can fly.


Message History

You rip the net and break free!
The ice beast closely misses you.
You riposte.
You slash the ice beast! You claw the ice beast!
The ice beast is severely wounded.
Harold considers, "I think I'll use your bounty to get a nice plot of land..."
Harold throws a throwing net.
The throwing net hits you.
You become entangled in the net!
The ice beast closely misses you.
You riposte.
You slash the ice beast!
You kill the ice beast!
You can't do that while held in a net.
You fade into invisibility!
The ice beast hits you but does no damage.
Urug throws a javelin.
The javelin hits Harold.
You are very lightly contaminated with residual magic.
You struggle against the net.
The ice beast hits you but does no damage.
Harold casts a spell at you. The bolt of fire misses you.
Urug throws a javelin.
The javelin hits Harold!!
You struggle against the net.
Harold hits you with a dire flail!
You die...
Your body crumbles into a pile of gold.

## ...#########
...........#
...........########
..................#
..........@.......#
..........Y@e.....#
..................#
............o.....#
..................#
..................#
....§§....#####...#
≈≈≈§≈§≈..#...#...#
§≈§§≈≈.#...#...#


You could see Harold, Urug, a deep elf mage and an ice beast.

Vanquished Creatures
  2 two-headed ogres (D:8)
  Psyche (D:8)
  Prince Ribbit (D:7)
  A shadow (D:11)
  A wyvern (D:10)
  A steam dragon (D:10)
  The ghost of Iko the Charmwright, an amateur OpSk of Wu Jian (D:9)
  An acid dragon (D:10)
  A water moccasin (D:5)
  3 orc warriors
  3 black bears
  The ghost of nulman the Skirmisher, an amateur HOMo (D:3)
  4 ice beasts
  3 sky beasts
  A necrophage (D:8)
  5 ogres
  A phantom (D:6)
  3 centaurs
  2 big kobolds
  2 bullfrogs (D:7)
  5 scorpions
  11 killer bees
  12 wights
  2 howler monkeys (D:8)
  2 crimson imps
  5 hounds
  2 jellies
  A centaur zombie (D:5)
  A centaur skeleton (D:4)
  9 orc priests
  A bullfrog skeleton (D:8)
  Jessica (D:2)
  4 iguanas
  14 orc wizards
  7 worker ants
  A hound zombie (D:8)
  A hound skeleton (D:4)
  A worker ant zombie (D:10)
  3 gnolls (D:5)
  12 adders
  5 shadow imps
  2 oozes
  An adder zombie (D:10)
  A worm (D:3)
  2 dart slugs
  8 leopard geckos
  37 orcs
  A giant cockroach (D:3)
  7 goblins
  7 hobgoblins
  11 jackals
  A quokka (D:8)
  2 ball pythons (D:5)
  5 bats
  12 frilled lizards
  19 kobolds
  A leopard gecko skeleton (D:4)
  6 rats
261 creatures vanquished.

Vanquished Creatures (others)
  2 goblins (D:9)
2 creatures vanquished.

Grand Total: 263 creatures vanquished

Notes
Turn   | Place    | Note
-------+----------+-------------------------------------------
     0 | D:1      | diana the Tengu Gladiator began the quest for the Orb.
     0 | D:1      | Reached XP level 1. HP: 12/12 MP: 2/2
   298 | D:1      | Reached XP level 2. HP: 17/17 MP: 3/3
   910 | D:2      | Reached XP level 3. HP: 10/22 MP: 4/4
  1128 | D:2      | Found a sacrificial altar of Ru.
  1376 | D:2      | Noticed Jessica
  1385 | D:2      | Killed Jessica
  1385 | D:2      | Reached XP level 4. HP: 20/27 MP: 5/5
  1944 | D:3      | Noticed nulman's ghost (amateur HOMo)
  2110 | D:3      | Noticed an ogre
  2123 | D:3      | Killed an ogre
  2123 | D:3      | Reached skill level 5 in Long Blades
  2123 | D:3      | Reached skill level 5 in Dodging
  2123 | D:3      | Gained mutation: You can fly. [Tengu growth]
  2123 | D:3      | Reached XP level 5. HP: 7/32 MP: 6/6
  2674 | D:3      | Found a faded altar of an unknown god.
  2771 | D:3      | Killed nulman's ghost
  2771 | D:3      | Reached XP level 6. HP: 31/37 MP: 7/7
  3430 | D:4      | Reached XP level 7. HP: 37/41 MP: 8/8
  4087 | D:5      | Entered Level 5 of the Dungeon
  4157 | D:5      | Found Genucoxt's Serpentskin Sales.
  4595 | D:5      | Reached XP level 8. HP: 47/48 MP: 9/9
  4926 | D:5      | Found a burning altar of Makhleb.
  5096 | D:5      | Found a burning altar of Makhleb.
  5453 | D:6      | Found a stormy altar of Qazlal.
  5482 | D:6      | Reached skill level 5 in Fighting
  5586 | D:6      | Found a staircase to the Ecumenical Temple.
  5703 | D:6      | Reached XP level 9. HP: 50/54 MP: 10/10
  6241 | D:7      | Noticed Prince Ribbit
  6250 | D:7      | Killed Prince Ribbit
  6356 | D:7      | Found a basalt altar of Yredelemnul.
  6411 | D:7      | Found a white marble altar of Elyvilon.
  6729 | D:7      | Found an opulent altar of Gozag.
  6732 | D:7      | Became a worshipper of Gozag Ym Sagoz the Greedy
  7251 | D:7      | Learned a level 3 spell: Regeneration
  7348 | D:8      | Reached skill level 10 in Long Blades
  7348 | D:8      | Reached skill level 10 in Dodging
  7384 | D:8      | Noticed a two-headed ogre
  7417 | D:8      | Killed a two-headed ogre
  7417 | D:8      | Reached XP level 10. HP: 27/61 MP: 11/11
  7587 | D:8      | Noticed Psyche
  7590 | D:8      | Found a staircase to the Lair.
  7602 | D:8      | Killed Psyche
  7957 | D:8      | Noticed a two-headed ogre
  7978 | D:8      | Killed a two-headed ogre
  8161 | D:8      | Noticed theblackcape's ghost (novice TrTm)
  8878 | D:8      | Noticed Joseph
  9122 | D:9      | Noticed Iko's ghost (amateur OpSk)
  9376 | D:9      | Killed Iko's ghost
 10023 | D:9      | Found a bloodstained altar of Trog.
 10227 | D:9      | Found a glowing silver altar of Zin.
 10257 | D:9      | Reached XP level 11. HP: 64/67 MP: 12/12
 10393 | D:10     | Entered Level 10 of the Dungeon
 10973 | D:10     | Found Zyplu's Magic Scroll Shop.
 11569 | D:11     | Noticed a deep elf mage
 11573 | D:11     | Noticed Harold
 11579 | D:11     | Noticed Urug
 11626 | D:11     | Slain by Harold

Skill      XL: |  1  2  3  4  5  6  7  8  9 10 11 |
---------------+----------------------------------+-----
Long Blades    | 4 5 6 8 10 11 12 | 12.0
Dodging        | 4 5 6 8 10 11 12 | 12.0
Fighting       | 3 4 5 6 7 |  7.8
Throwing       | |  2.0

Action                   |  1- 3 |  4- 6 |  7- 9 | 10-12 || total
-------------------------+-------+-------+-------+-------++-------
Melee: Long sword        |    39 |    98 |   305 |   323 ||   765
       Kick              |    11 |    39 |   146 |   152 ||   348
       Peck              |     3 |    21 |    56 |    84 ||   164
       Scimitar          |       |       |       |    48 ||    48
Throw: Throwing net      |       |     3 |     1 |     3 ||     7
  Use: Scroll            |       |       |     8 |     1 ||     9
       Potion            |       |       |     2 |     2 ||     4
 Stab: Held in net/web   |       |     1 |     2 |     1 ||     4
       Sleeping          |       |     1 |     4 |       ||     5
       Distracted        |       |       |     1 |       ||     1
       Invisible         |       |       |     3 |       ||     3
  Eat: Chunk             |     1 |     7 |    11 |       ||    19
       Ration            |       |       |     1 |     4 ||     5
Armor: Leather armour    |    11 |    13 |    78 |    74 ||   176
Dodge: Dodged            |    26 |    80 |   294 |   304 ||   704
       Rpst.: Long sword |     8 |    21 |    80 |    78 ||   187
       Scimitar          |       |       |       |    14 ||    14
